 Dungeon Crawl Stone Soup version 0.28.0-53-g5a82cb258f (webtiles) character file.

Game seed: 14341612848018307746

72 SanguineChosen the Chopper (level 4, 0/41 HPs)
             Began as a Minotaur Chaos Knight on June 3, 2022.
             Was a Plaything of Xom.
             Slain by a meliai (shapeshifter) (6 damage)
             ... on level 2 of the Dungeon.
             The game lasted 00:17:17 (1902 turns).

SanguineChosen the Chopper (Minotaur Chaos Knight)  Turns: 1902, Time: 00:17:23

Health: 0/41       AC:  8    Str: 18    XL:     4   Next: 7%
Magic:  3/3        EV: 10    Int:  9    God:    Xom [.*....]
Gold:   126        SH:  0    Dex: 10    Spells: 3/3 levels left

rFire   . . .      SeeInvis .   f - +1 club (chaos)
rCold   . . .      Faith    .   (no shield)
rNeg    . . .      Spirit   .   g - +3 ring mail
rPois   .          Reflect  .   (helmet restricted)
rElec   .          Harm     .   (no cloak)
rCorr   .          Rampage  .   (no gloves)
Will    .....                   (no boots)
Stlth   +.........              (no amulet)
HPRegen 0.13/turn               (no ring)
MPRegen 0.08/turn               (no ring)

@: lethally poisoned (0 -> -13), weak-willed
A: horns 2, retaliatory headbutt
a: Renounce Religion


You were on level 2 of the Dungeon.
You worshipped Xom.
You were a plaything of Xom.
You visited 1 branch of the dungeon, and saw 2 of its levels.

You collected 126 gold pieces.

Inventory:

Hand Weapons
 a - a +0 hand axe of chaos
 f - a +1 club of chaos (weapon)
Armour
 b - a +2 leather armour
 g - a +3 ring mail (worn)
Wands
 l - a wand of iceblast (3) (quivered)
Scrolls
 c - a scroll of acquirement
 d - 2 scrolls of noise {unknown}
Potions
 e - 2 potions of attraction
 i - a potion of curing {unknown}
 j - a potion of resistance {unknown}
 k - a potion of heal wounds {unknown}


   Skills:
 + Level 4.3 Fighting
 + Level 4.3(4.5) Axes
 + Level 1.4(3.1) Maces & Flails
 + Level 3.1 Armour
 + Level 1.3 Dodging
 * Level 0.9 Stealth


You had 3 spell levels left.
You didn't know any spells.
Your spell library contained the following spells:

 Spells                   Type           Power      Damage    Failure   Level
 Static Discharge         Conj/Air       0%         N/A       71%         2
 Ozocubu's Armour         Ice            0%         N/A       91%         3
 Dispel Undead            Necr           0%         3d6       100%        4
 Sticky Flame             Conj/Fire      0%         2d3       100%        4
 Metabolic Englaciation   Hex/Ice        0%         N/A       100%        5
 Simulacrum               Ice/Necr       0%         N/A       100%        6


Dungeon Overview and Level Annotations

Branches:
Dungeon (2/15)

Altars:
Qazlal

Shops:
D:1 :

Annotations:
D:2 Sigmund


Innate Abilities, Weirdness & Mutations

You have a pair of horns on your head.
You reflexively headbutt those who attack you in melee.


Message History

The meliai hits you. The meliai closely misses you. The meliai hits you.
The meliai stings you but does no damage.
You closely miss the meliai.
The meliai is moderately wounded.
The meliai hits you.
The meliai stings you but does no damage.
The meliai misses you. The meliai barely misses you.
You are too injured to fight recklessly!
Aiming: Iceblast
Press: ? - help, Q - select action Shift-Dir - straight line, f - meliai
Aim: a meliai shaped shifter (moderately wounded) That beam is likely to hit you.
Continue anyway?
Okay, then.
The meliai barely misses you.
The meliai stings you but does no damage.
You closely miss the meliai. You headbutt the meliai!
The meliai is severely wounded.
The meliai hits you but does no damage. The meliai closely misses you.
The meliai hits you. The meliai misses you.
Aiming: Iceblast
Press: ? - help, Q - select action Shift-Dir - straight line, p - meliai That beam is likely to hit you.
Continue anyway?
Okay, then.
You hit the meliai but do no damage.
The meliai is severely wounded.
The meliai closely misses you. The meliai stings you. The meliai misses you.
You furiously retaliate!
You headbutt the meliai, but do no damage.
The meliai stings you.
* * * LOW HITPOINT WARNING * * *
The meliai closely misses you. x2
Okay, then.
As you read the scroll labelled ZOMPUE OQIT, it crumbles to dust.
Magic quickly surges around you.
It was a scroll of vulnerability.
The meliai hits you but does no damage. The meliai stings you.
* * * LOW HITPOINT WARNING * * *
You are lethally poisoned!
The meliai poisons you! The meliai misses you. The meliai stings you.
You die...
Xom roars with laughter!

#..#.#.....###
#.......##..##
#..#...###...## #...##....##
#.........##..# #.#.##...##
#.#.#####..##.###.#.[....#
#####...#
##.......#.#......####
#<....#.#
##..........#..........
#.#.###.#
#...........#>.........
#...###.#
#.............######...
.....##.# #.....@.......####
#...
.....##.###.....y....##....#
#...
.._..##..##..........####..#
###. .........###........##
##.###...
....................##
#.....##
#S#########.......).<#
###†..## ..# #.......).)#
##...†.. .## #..........#
#..###.. # #..........# #.##
#..


You could see a meliai shaped shifter (weak-willed).

Vanquished Creatures
  2 adders (D:2)
  2 worms (D:2)
  3 dart slugs
  2 bats (D:1)
  4 endoplasms
  A giant cockroach (D:1)
  9 goblins
  4 hobgoblins
  A jackal (D:1)
  A quokka (D:1)
  2 ball pythons (D:2)
  2 frilled lizards (D:1)
  3 kobolds
  5 rats
41 creatures vanquished.

Notes
Turn   | Place    | Note
-------+----------+-------------------------------------------
     0 | D:1      | SanguineChosen the Minotaur Chaos Knight began the quest
                  | for the Orb.
     0 | D:1      | Reached XP level 1. HP: 19/19 MP: 0/0
    11 | D:1      | Found Isujauba's Book Shop.
    55 | D:1      | Reached XP level 2. HP: 19/27 MP: 1/1
   213 | D:1      | XOM: divination: detect creatures
   243 | D:1      | XOM: chaos upgrade
   279 | D:1      | Identified a scroll of acquirement
   297 | D:1      | XOM: silly message
   303 | D:1      | Found a faded altar of an unknown god.
   732 | D:1      | Reached XP level 3. HP: 33/33 MP: 2/2
   828 | D:2      | Found a stormy altar of Qazlal.
  1059 | D:2      | Noticed Sigmund
  1066 | D:2      | XOM: potion effect (brilliance)
  1340 | D:2      | XOM: silly message
  1498 | D:2      | Reached skill level 1 in Maces & Flails
  1569 | D:2      | Reached XP level 4. HP: 26/41 MP: 3/3
  1895 | D:2      | Noticed a shapeshifter
  1895 | D:2      | a dart slug changed into a shapeshifter
  1895 | D:2      | Noticed a meliai
  1895 | D:2      | a shapeshifter changed into a meliai
  1902 | D:2      | Slain by a meliai (shapeshifter)

Illustrated notes

Levels and vault maps discovered:
D:1:      wander_arrival_lonely_grave, layout_basic, basic_ecumenical_altar,
          serial_shops, shop, solitary_fountain, kennysheep_another_room,
          minmay_ruptured
D:2:      layout_rooms, basic_altar, uniq_sigmund

Skill      XL: |  1  2  3 |
---------------+----------+-----
Fighting       | 4 |  4.3
Axes           | 4 |  4.3
Armour         | 3 |  3.1
Maces & Flails | 1 |  1.4
Dodging        | |  1.3
Stealth        | |  0.9

Action                   |  1- 3 |  4- 6 || total
-------------------------+-------+-------++-------
Melee: Hand axe          |    24 |       ||    24
       Headbutt          |    13 |     1 ||    14
       Club              |    62 |    10 ||    72
       Punch             |     1 |       ||     1
  Use: Scroll            |     4 |     1 ||     5
       Potion            |     1 |       ||     1
Armor: Leather armour    |    21 |       ||    21
       Ring mail         |    16 |     7 ||    23
Dodge: Dodged            |    51 |    16 ||    67
